 Dungeon Sprint DCSS version 0.17-a0-2208-ge5ab1d3 (webtiles) character file.

908 esc the Fighter (level 8, -8/97 HPs)
             Began as an Ogre Hunter on Oct 26, 2015.
             Was a Follower of Okawaru.
             Killed by drain life
             ... invoked by a soul eater
             ... summoned by a kobold demonologist
              (12 damage)
             ... in the Dungeon (Sprint I: "Red Sonja").
             The game lasted 00:02:50 (747 turns).

esc the Fighter (Ogre Hunter)                        Turns: 747, Time: 00:02:50

Health: -8/97      AC:  3    Str: 18    XL:     8   Next: 8%
Magic:  9/11       EV: 13    Int: 10    God:    Okawaru [*.....]
Gold:   405        SH:  0    Dex: 12    Spells: 0 memorised, 7 levels left

rFire  . . .     SeeInvis .     l - +0 giant club
rCold  . . .     Clarity  .     d - +0 robe
rNeg   . . .     SustAt   .     (no shield)
rPois  .         Gourm    .     (helmet restricted)
rElec  .         Spirit   .     (no cloak)
rCorr  .         Warding  .     (gloves unavailable)
rMut   .         NoTele   +     (boots unavailable)
MR     .....                    (no amulet)
Stlth  +.........               (no ring)
                                (no ring)

@: drained, not resistant to hostile enchantments, very unstealthy
A: unfitting armour, tough skin 1
a: Heroism, Renounce Religion


You were in the Dungeon.
You worshipped Okawaru.
Okawaru was aware of your devotion.
You were not hungry.

You visited 1 branch You collected 405 gold pieces.

Inventory:

Hand Weapons
 l - a +0 giant club (weapon)
   (You took it off an ogre in the Dungeon)
Missiles
 b - 2 throwing nets {=f, !d}
Armour
 d - a +0 robe (worn)
Scrolls
 k - a scroll of blinking {!r}
Potions
 h - a potion of haste
 i - 2 potions of magic
 j - a potion of berserk rage {!q}
 m - a potion of degeneration {unknown}
Comestibles
 e - a bread ration {@e1}


   Skills:
 + Level 11.6(10.9) Fighting
 + Level 9.0(8.4) Maces & Flails
 + Level 9.7(9.1) Throwing
 + Level 8.2(7.7) Dodging
 - Level 0.7(0.2) Stealth
 + Level 4.2(3.7) Invocations


You had 7 spell levels left.
You didn't know any spells.

Dungeon Overview and Level Annotations

Branches:
Dungeon (1/1)

Altars:
Cheibriados
Dithmenos
Elyvilon
Fedhas
Gozag
Kikubaaqudgha
Makhleb
Nemelex Xobeh
Okawaru
Qazlal
Ru
Sif Muna
Trog
Vehumet
Xom
Yredelemnul
Zin
The Shining One
Jiyva

Shops:
D %


Innate Abilities, Weirdness & Mutations

You are too large for most types of armour.
You have tough skin (AC +1).


Message History

The kobold demonologist gestures wildly while chanting.
The kobold demonologist casts a spell.
You barely miss the kobold demonologist.
The kobold demonologist closely misses you.
The kobold demonologist hits you but does no damage.
You hit the kobold demonologist. The orange demon stings you from afar.
The kobold demonologist hits you but does no damage.
The kobold demonologist casts a spell.
You take 4 damage, and have 83/88 hp.
You hit the kobold demonologist but do no damage.
The orange demon misses you.
The kobold demonologist miscasts a cantrip.
The kobold demonologist misses you.
The soul eater draws from the surrounding life force!
You take 12 damage, and have 71/88 hp.
You barely miss the kobold demonologist.
The orange demon stings you but does no damage.
The kobold demonologist hits you with a dagger.
The kobold demonologist hits you but does no damage.
The soul eater closely misses you.
You closely miss the kobold demonologist.
The kobold demonologist hits you but does no damage. x2
The soul eater hits you!
You take 13 damage, and have 58/88 hp.
You closely miss the kobold demonologist.
The kobold demonologist casts a cantrip, but nothing happens.
The kobold demonologist closely misses you.
The soul eater hits you!
The soul eater draws from the surrounding life force!
The kobold demonologist hits you with a dagger.
* * * LOW HITPOINT WARNING * * *
The kobold demonologist hits you but does no damage.
You take 33 damage, and have 25/88 hp.
MASSIVE DAMAGE!!
You sock the kobold demonologist! The soul eater closely misses you.
The kobold demonologist barely misses you. x2
The soul eater hits you!
* * * LOW HITPOINT WARNING * * *
You take 16 damage, and have 9/88 hp.
Unknown command.
Aim: a kobold demonologist, wielding a dagger and wearing a robe (lightly wounded)
Okay, then.
Drink which item? (? for menu, Esc to quit)
You feel much better.
The kobold demonologist casts a spell.
The kobold demonologist hits you but does no damage.
The soul eater closely misses you.
You regained 32 hp, and now have 41/88 hp.
Aim: a kobold demonologist, wielding a dagger and wearing a robe (lightly wounded)
Okay, then.
You bludgeon the kobold demonologist!!
You kill the kobold demonologist!
Okawaru is honoured by your kill.
You can now gain great but temporary skills.
Your Maces & Flails skill increases to level 9!
Your Dodging skill increases to level 8!
Your Invocations skill gained 2 levels and is now at level 4!
You have reached level 8!
The orange demon disappears in a puff of smoke!
The shadow imp disappears in a puff of smoke!
The rust devil disappears in a puff of smoke!
The kobold demonologist hits you with a dagger.
The soul eater closely misses you.
You regained 3 hp, and now have 44/97 hp.
Aim: a kobold demonologist, wielding a dagger and wearing a robe (lightly wounded)
You throw a large rock {!d}.
The large rock {!d} closely misses the kobold demonologist.
The large rock {!d} hits the soul eater but does no damage.
The kobold demonologist hits you but does no damage.
You hit the kobold demonologist.
The soul eater hits you but does no damage.
The kobold demonologist miscasts a cantrip.
The soul eater hits you!!
* * * LOW HITPOINT WARNING * * *
You feel drained.
* * * LOW HITPOINT WARNING * * *
You take 34 damage, and have 10/97 hp.
MASSIVE DAMAGE!!
Aim: a kobold demonologist, wielding a dagger and wearing a robe (lightly wounded)
You throw a large rock {!d}.
The large rock {!d} hits the kobold demonologist!!
The kobold demonologist gestures wildly while chanting.
Firing (i - inventory): No suitable missiles.
Aim: a kobold demonologist, wielding a dagger and wearing a robe (heavily wounded)
Okay, then.
Quiver which item? (- for none, * to show all) (? for menu, Esc to quit)
Okay, then.
You hit the kobold demonologist but do no damage.
The soul eater barely misses you.
The kobold demonologist hits you but does no damage.
The soul eater hits you!
* * * LOW HITPOINT WARNING * * *
You take 8 damage, and have 3/97 hp.
You are too injured to fight recklessly!
Drink which item? (? for menu, Esc to quit)
You feel better.
The kobold demonologist hits you with a dagger.
* * * LOW HITPOINT WARNING * * *
The soul eater draws from the surrounding life force!
You die...

######################
..)..#..'..#__#.@K35(#
..#..').#..'..'3)#55.#
####'#####'#__#### 4.+
###..#...#)#### ##
__####..##.#
_..__##'#..+
_.∩...'..._#
_..._##_.#'#
_____###+#)#


You could see 2 soul eaters, a kobold demonologist, a blue devil, an iron imp, a
quasit and a crimson imp.

Vanquished Creatures
  A kobold demonologist (D)
  A slime creature (D)
  Sigmund (D)
  A yak (D)
  An ogre (D)
  A jelly (D)
  Ijyb (D)
  A giant eyeball (D)
8 creatures vanquished.

Notes
Turn   | Place    | Note
--------------------------------------------------------------
     0 | D        | esc the Ogre Hunter began the quest for the Orb.
     0 | D        | Reached XP level 1. HP: 22/22 MP: 1/1
     1 | D        | Noticed Ijyb
    17 | D        | Killed Ijyb
    17 | D        | Reached skill level 5 in Fighting
    17 | D        | Reached skill level 5 in Throwing
    17 | D        | Reached skill level 3 in Dodging
    17 | D        | Reached XP level 2. HP: 11/35 MP: 2/2
    17 | D        | Reached XP level 3. HP: 13/42 MP: 3/3
   224 | D        | Noticed an ogre
   227 | D        | Killed an ogre
   227 | D        | Reached skill level 7 in Fighting
   227 | D        | Reached skill level 6 in Throwing
   227 | D        | Reached skill level 5 in Dodging
   227 | D        | Reached XP level 4. HP: 29/55 MP: 4/4
   370 | D        | Noticed Sigmund
   374 | D        | Killed Sigmund
   374 | D        | Reached skill level 9 in Fighting
   374 | D        | Reached skill level 5 in Maces & Flails
   374 | D        | Reached skill level 7 in Throwing
   374 | D        | Reached skill level 6 in Dodging
   374 | D        | Reached XP level 5. HP: 52/67 MP: 5/5
   374 | D        | Reached XP level 6. HP: 58/75 MP: 6/6
   461 | D        | Found a deep blue altar of Sif Muna.
   462 | D        | Noticed a jelly
   463 | D        | Found a radiant altar of Vehumet.
   466 | D        | Killed a jelly
   466 | D        | Reached skill level 8 in Throwing
   493 | D        | Found Wyut's Food Emporium.
   493 | D        | Found a white marble altar of Elyvilon.
   493 | D        | Found a stormy altar of Qazlal.
   493 | D        | Found a burning altar of Makhleb.
   493 | D        | Found a sacrificial altar of Ru.
   493 | D        | Found a basalt altar of Yredelemnul.
   493 | D        | Found a glowing golden altar of the Shining One.
   493 | D        | Found a sparkling altar of Nemelex Xobeh.
   493 | D        | Found a shimmering altar of Xom.
   493 | D        | Found an opulent altar of Gozag.
   493 | D        | Found an ancient bone altar of Kikubaaqudgha.
   493 | D        | Found a glowing silver altar of Zin.
   493 | D        | Noticed a yak
   497 | D        | Killed a yak
   497 | D        | Reached skill level 10 in Fighting
   497 | D        | Reached skill level 7 in Maces & Flails
   497 | D        | Reached skill level 7 in Dodging
   497 | D        | Reached XP level 7. HP: 58/87 MP: 7/7
   498 | D        | Found an iron altar of Okawaru.
   501 | D        | Found a bloodstained altar of Trog.
   507 | D        | Became a worshipper of Warmaster Okawaru
   621 | D        | Found a viscous altar of Jiyva.
   621 | D        | Found a blossoming altar of Fedhas.
   621 | D        | Noticed a slime creature
   622 | D        | Found a snail-covered altar of Cheibriados.
   622 | D        | Found a shadowy altar of Dithmenos.
   629 | D        | Killed a slime creature
   629 | D        | Reached skill level 11 in Fighting
   629 | D        | Reached skill level 8 in Maces & Flails
   629 | D        | Reached skill level 9 in Throwing
   629 | D        | Reached skill level 2 in Invocations
   728 | D        | Noticed a kobold demonologist
   730 | D        | Noticed a kobold demonologist
   732 | D        | Noticed an orange demon
   734 | D        | Noticed a soul eater
   736 | D        | Noticed a soul eater
   740 | D        | HP: 9/88 [soul eater[a kobold demonologist] (16)]
   742 | D        | Noticed a rust devil
   742 | D        | Killed a kobold demonologist
   742 | D        | Reached * piety under Okawaru
   742 | D        | Reached skill level 9 in Maces & Flails
   742 | D        | Reached skill level 8 in Dodging
   742 | D        | Reached skill level 4 in Invocations
   742 | D        | Reached XP level 8. HP: 45/97 MP: 9/11
   746 | D        | HP: 3/97 [soul eater[a kobold demonologist] (8)]
   747 | D        | Killed from afar by a soul eater

Vault maps used:
D:        dungeon_sprint_1

Action                   |  1- 3 |  4- 6 |  7- 9 || total
-------------------------+-------+-------+-------++-------
Melee: Short sword       |    14 |       |       ||    14
       Giant club        |       |     8 |    18 ||    26
Throw: Large rock        |     5 |     1 |     6 ||    12
  Use: Potion            |       |       |     2 ||     2

Vault maps used:
D:        dungeon_sprint_1

Table legend:
 A = Turns spent in this place as a percentage of turns spent in the entire game.
 B = Non-inter-level travel turns spent in this place as a percentage of non-inter-level travel turns spent in the entire game.
 C = Inter-level travel turns spent in this place as a percentage of turns spent in this place.
 D = Turns resting spent in this place as a percentage of non-inter-level travel turns spent in this place.
 E = Turns spent auto-exploring this place as a percentage of non-inter-level travel turns spent in this place.
 F = Non-inter-level travel turns spent in this place divided by the number of levels of this place that you've seen.
                   A       B       C       D       E      F
               +-------+-------+-------+-------+-------+----------------------
         Total | 100.0 | 100.0 |   0.0 |   6.2 |   0.0 | 161.0
       Dungeon | 100.0 | 100.0 |   0.0 |   6.2 |   0.0 | 161.0
               +-------+-------+-------+-------+-------+----------------------

Table legend:
 A = Kills in this place as a percentage of kills in entire the game.
 B = Kills by you in this place as a percentage of kills by you in the entire game.
 C = Kills by friends in this place as a percentage of kills by friends in the entire game.
 D = Other kills in this place as a percentage of other kills in the entire game.
 E = Experience gained in this place as a percentage of experience gained in the entire game.
 F = Experience gained in this place divided by the number of levels of this place that you have seen.
                   A       B       C       D       E      F
               +-------+-------+-------+-------+-------+----------------------
         Total | 100.0 | 100.0 |  -nan |  -nan | 100.0 | 1298.0
       Dungeon | 100.0 | 100.0 |  -nan |  -nan | 100.0 | 1298.0
               +-------+-------+-------+-------+-------+----------------------
